 Dungeon Crawl Stone Soup version 0.23-a0-169-gb21e695 (webtiles) character file.

22234 grindst0ne the Fighter (level 12, -2/135 HPs)
             Began as an Octopode Fighter on Sept 11, 2018.
             Was the Champion of Okawaru.
             Engulfed by a cloud of freezing vapour (5 damage)
             ... in an ice cave.
             The game lasted 00:30:00 (18043 turns).

grindst0ne the Fighter (Octopode Fighter)          Turns: 18043, Time: 00:30:01

Health: -2/135     AC: 26    Str: 21    XL:     12   Next: 98%
Magic:  0/13       EV:  2    Int: 19    God:    Okawaru [******]
Gold:   576        SH: 12    Dex: 14    Spells: 11/11 levels left

rFire    . . .     SeeInvis +   J - +14 obsidian axe {chop, +Fly SInv *Curse}
rCold    . . .     Gourm    .   F - +0 shield
rNeg     + + +     Faith    .   (helmet currently unavailable)
rPois    +         Spirit   +   m - amulet of guardian spirit
rElec    .         Reflect  .   k - ring of wizardry
rCorr    .         Harm     .   l - +6 ring of intelligence
MR       .....     Rnd*Rage +   n - +6 ring of strength Stlth +.........NoTele +
                                B - ring of see invisible
HPRegen  0.32/turn              (no ring)
MPRegen  0.13/turn              M - ring of poison resistance
                                (no ring)
                                (no ring)

@: tree-form, mesmerised
A: almost no armour, stealthy swim, (amphibious), 8 rings, (constrict 8),
berserk 1
a: Heroism, Finesse, Renounce Religion


You were in an ice cave.
You worshipped Okawaru.
Okawaru was exalted by your worship.
You were not hungry.
You were a tree.
You visited 2 branches of the dungeon, and saw 14 of its levels.
You also visited: Bailey and Ice Cave.

You collected 1032 gold pieces.
You spent 456 gold pieces at shops.

Inventory:

Hand Weapons
 a - a +0 scimitar of flaming
 b - a +0 broad axe
 J - the +14 obsidian axe (weapon) {chop, +Fly SInv *Curse}
   (Okawaru gifted it to you on level 11 of the Dungeon)

   It inflicts extra damage upon your enemies.
   It lets you see invisible.
   It lets you fly.
   It curses itself when equipped.
Missiles
 h - a throwing net (quivered)
Armour
 r - a +2 hat (melded)
 F - a +0 shield (worn)
 P - the +0 buckler of Hedging {Dex+3 Stlth+, unknown}
   (Okawaru gifted it to you on level 2 of the Lair of Beasts)

   It affects your dexterity (+3).
   It makes you more stealthy.
Jewellery
 k - a ring of wizardry (left branch)
 l - a +6 ring of intelligence (right branch)
 m - an amulet of guardian spirit (around neck)
 n - a +6 ring of strength (on tentacle)
 x - an uncursed amulet of the acrobat
 B - a ring of see invisible (on tentacle)
 M - a ring of poison resistance (on tentacle)
Wands
 g - a wand of polymorph (14)
 u - a wand of paralysis (12)
 y - a wand of digging (15)
 z - a wand of enslavement (37)
 E - a wand of clouds (7)
 I - a wand of acid (6)
 L - a wand of iceblast (11)
Scrolls
 c - 4 scrolls of immolation
 e - 3 scrolls of amnesia
 i - 4 scrolls of identify
 o - 4 scrolls of fog
 p - 3 scrolls of enchant weapon
 q - 6 scrolls of remove curse
 s - 5 scrolls of enchant armour
 v - 4 scrolls of magic mapping
 G - a scroll of fear {unknown}
 O - a scroll of teleportation
 Q - a scroll of acquirement {unknown}
Potions
 f - 2 potions of curing
 t - a potion of flight
 w - 2 potions of magic
 A - 2 potions of agility
 C - a potion of haste
 D - a potion of degeneration {unknown}
 H - a potion of mutation
 K - a potion of berserk rage {unknown}
 N - a potion of resistance {unknown}
Comestibles
 d - 18 rations


   Skills:
 + Level 11.0 Fighting
 + Level 10.7 Axes
 + Level 10.9 Dodging
 - Level 11.0 Shields
 * Level 2.5 Invocations
 * Level 2.6 Evocations


You had 11 spell levels left.
You didn't know any spells.
Your spell library contained the following spells:

 Spells                   Type           Power        Failure   Level  Hunger
 Animate Skeleton         Necr           N/A          14%         1    ##.....
 Apportation              Tloc           #.....       14%         1    ##.....
 Confusing Touch          Hex            #.....       14%         1    ##.....
 Pain                     Necr           #...         14%         1    ##.....
 Summon Small Mammal      Summ           #...         14%         1    ##.....
 Poisonous Vapours        Pois/Air       #.....       21%         2    ###....
 Conjure Flame            Conj/Fire      #.......     38%         3    ####...
 Mephitic Cloud           Conj/Pois/Air  #.......     38%         3    ####...
 Regeneration             Chrm/Necr      #.........   38%         3    ####...
 Vampiric Draining        Necr           #.........   38%         3    ####...
 Animate Dead             Necr           N/A          77%         4    #####..
 Ice Form                 Ice/Tmut       #.......     77%         4    #####..
 Metabolic Englaciation   Hex/Ice        #.........   97%         5    ######.
 Bolt of Cold             Conj/Ice       #.........   100%        6    #######
 Freezing Cloud           Conj/Ice/Air   #.........   100%        6    #######
 Ozocubu's Refrigeration  Ice            #.........   100%        6    #######
 Simulacrum               Ice/Necr       #.........   100%        6    #######
 Ring of Flames           Chrm/Fire      #.........   100%        7    #######


Dungeon Overview and Level Annotations

Branches:
Dungeon (12/15)            Temple (0/1) D:4            Lair (2/6) D:9
    Orc (0/2) D:10
  Swamp: Lair:2-4    Shoals: Lair:2-4     Snake: Lair:2-4    Spider: Lair:2-4

Altars:
Ashenzari
Cheibriados
Elyvilon
Makhleb
Okawaru
Ru
Uskayaw

Shops:
D:4 %   D:5 *   D:6 *   D:12 *

Annotations:
D:5 exclusion: 2 downstairs
D:9 1 runed door, p0werm0de's ghost, novice DsCK IceCv exclusion: 2 ice statues


Innate Abilities, Weirdness & Mutations

You cannot wear most types of armour.
You are very stealthy in the water. (Stealth+)
((You are amphibious.))
You can wear up to eight rings at the same time.
((You can use your tentacles to constrict eight enemies at once.))
((Your skin changes colour to match your surroundings (Stealth+).))
((Your rubbery body absorbs attacks. (AC +1, EV +1)))
((One of your tentacles bears a spike.))
You tend to lose your temper in combat.


Message History

* * * LOW HITPOINT WARNING * * *
Your rust devil is engulfed in freezing vapours.
Your rust devil barely misses the ice beast.
You block the ice beast's attack.
You feel better.
You are engulfed in freezing vapours.
* * * LOW HITPOINT WARNING * * *
The ice statue gestures.
Your rust devil is engulfed in freezing vapours.
Your rust devil barely misses the ice beast.
The ice beast closely misses you.
You feel better.
You are engulfed in freezing vapours.
* * * LOW HITPOINT WARNING * * *
Your rust devil is engulfed in freezing vapours.
Your rust devil hits the ice beast.
Your rust devil corrodes the ice beast!
You block the ice beast's attack.
Okay, then.
Really become a tree while standing in a cloud of freezing vapour?
You turn into a tree.
Your +2 hat melds into your body.
Your roots penetrate the ground.
You are engulfed in freezing vapours.
You die...

##.....##
##.......##
#.........#
#.........#
#[.......(#
#........(#
#(......[(#
#####.#####
#8..Y..Y♣§#
#.....§Y4§#
#.....§§§.#
#.........#
#.........#
##.Y.....##
##.....##
###8###


You could see 2 ice statues, 4 ice beasts and a friendly rust devil.

Vanquished Creatures
  A hydra (Lair:2)
  Erica (D:11)
  Nergalle (D:10)
  Pikel (D:4)
  An orc knight (Bailey)
  An ugly thing (D:12)
  2 oklob plants
  Maurice (D:12)
  Joseph (D:7)
  2 komodo dragons
  3 trolls
  4 hippogriffs
  29 yaks
  A wyvern (D:12)
  A basilisk (D:12)
  3 vampire mosquitoes (D:12)
  A hungry ghost (D:9)
  Menkaure (D:7)
  Edmund (D:4)
  Duvessa (D:7)
  3 porcupines
  6 water moccasins
  8 ice beasts
  7 orc warriors
  A slave (D:4)
  3 black bears
  A necrophage (D:10)
  2 phantoms
  4 wolves (Lair:2)
  4 ogres
  7 centaurs
  2 crocodiles (Lair:1)
  2 big kobolds
  Blork the orc (D:4)
  8 bullfrogs
  A gnoll sergeant (D:8)
  A wyvern zombie (D:12)
  Dowan (D:7)
  A wyvern skeleton (D:6)
  A water moccasin skeleton (D:10)
  4 scorpions
  3 killer bees
  8 wights
  4 electric eels
  8 howler monkeys
  3 bullfrog zombies
  7 crimson imps
  11 orc priests
  11 jellies
  2 bullfrog skeletons (D:11)
  2 hounds
  2 centaur skeletons
  Crazy Yiuf (D:7)
  4 iguanas
  12 orc wizards
  4 worker ants
  A killer bee zombie (D:6)
  A hound zombie (D:6)
  A worker ant zombie (D:10)
  Robin (D:3)
  13 gnolls
  7 adders
  2 shadow imps
  2 white imps (Lair:2)
  19 oozes
  5 worms
  3 dart slugs (D:1)
  4 leopard geckos
  66 orcs
  3 bats
  9 giant cockroaches
  17 goblins
  8 hobgoblins
  14 jackals
  6 quokkas
  2 ball pythons
  4 frilled lizards
  8 kobolds
  A leopard gecko skeleton (D:5)
  3 rats
  3 fungi
  3 plants
413 creatures vanquished.

Vanquished Creatures (collateral kills)
  An ugly thing (IceCv)
  A gargoyle (D:11)
  An ice statue (IceCv)
  A hippogriff (Lair:1)
  4 yaks
  2 water moccasins (Lair:1)
  An ogre (D:12)
  A wolf (Lair:2)
  2 crocodiles
  A howler monkey (D:12)
  An orc wizard (D:12)
  10 white imps (Lair:2)
  An ooze (Lair:2)
  An orc (D:12)
  A butterfly (Lair:1)
  3 fungi
  A plant (Lair:1)
33 creatures vanquished.

Vanquished Creatures (others)
  10 fungi
10 creatures vanquished.

Grand Total: 456 creatures vanquished

Notes
Turn   | Place    | Note
-------+----------+-------------------------------------------
     0 | D:1      | grindst0ne the Octopode Fighter began the quest for the
                  | Orb.
     0 | D:1      | Reached XP level 1. HP: 16/16 MP: 1/1
   258 | D:1      | Reached XP level 2. HP: 21/21 MP: 2/2
   778 | D:1      | Reached XP level 3. HP: 11/26 MP: 3/3
  1532 | D:2      | Found an iron altar of Okawaru.
  1589 | D:2      | Became a worshipper of Warmaster Okawaru
  1829 | D:2      | Found a snail-covered altar of Cheibriados.
  2660 | D:2      | Reached XP level 4. HP: 24/31 MP: 4/4
  3123 | D:3      | Noticed Robin
  3134 | D:3      | Killed Robin
  3134 | D:3      | Reached XP level 5. HP: 32/37 MP: 5/5
  3934 | D:4      | Reached XP level 6. HP: 43/43 MP: 6/6
  4035 | D:4      | Found a burning altar of Makhleb.
  4038 | D:4      | Noticed a balrug
  4049 | D:4      | Noticed Edmund
  4076 | D:4      | Killed Edmund
  4192 | D:4      | Found a staircase to the Ecumenical Temple.
  4373 | D:4      | Found a white marble altar of Elyvilon.
  4426 | D:4      | Noticed a slave
  4437 | D:4      | Noticed a slave
  4450 | D:4      | Noticed Pikel
  4453 | D:4      | Noticed a slave
  4463 | D:4      | Gained mutation: You tend to lose your temper in combat.
                  | [potion of mutation]
  4463 | D:4      | Gained mutation: One of your tentacles bears a spike.
                  | [potion of mutation]
  4465 | D:4      | Killed a slave
  4467 | D:4      | Noticed a slave
  4469 | D:4      | Killed Pikel
  4469 | D:4      | Reached * piety under Okawaru
  4469 | D:4      | Reached ** piety under Okawaru
  4469 | D:4      | Reached skill level 5 in Fighting
  4469 | D:4      | Reached skill level 5 in Dodging
  4469 | D:4      | Reached skill level 5 in Shields
  4469 | D:4      | Reached XP level 7. HP: 14/50 MP: 3/7
  4722 | D:4      | Noticed Blork the orc
  4727 | D:4      | Killed Blork the orc
  4727 | D:4      | Reached XP level 8. HP: 55/55 MP: 8/8
  4796 | D:4      | Found Jousseuv's Food Boutique.
  5070 | D:5      | Entered Level 5 of the Dungeon
  5142 | D:5      | Reached *** piety under Okawaru
  5144 | D:5      | Found a shattered altar of Ashenzari.
  5147 | D:5      | Reached skill level 5 in Axes
  5491 | D:5      | Found Cibonlix's Assorted Antiques.
  5499 | D:5      | Bought a scroll labeled XIUGORGHA QARHA for 27 gold pieces
  5499 | D:5      | Bought a scroll labeled SAYCUECZAP for 27 gold pieces
  5499 | D:5      | Bought a scroll labeled EGRIAP WECLAATZ for 27 gold pieces
  5499 | D:5      | Bought a scroll labeled QYUKUXK KUFOST for 27 gold pieces
  6256 | D:6      | Noticed a yak
  6793 | D:6      | Noticed a yak
  6798 | D:6      | Noticed a yak
  6812 | D:6      | Reached XP level 9. HP: 24/63 MP: 9/9
  7167 | D:6      | Reached **** piety under Okawaru
  7558 | D:6      | Found Ryramm's Assorted Antiques.
  7566 | D:6      | Bought a scroll of identify for 48 gold pieces
  7835 | D:7      | Noticed Menkaure
  7842 | D:7      | Killed Menkaure
  8137 | D:7      | Reached XP level 10. HP: 52/71 MP: 10/10
  8308 | D:7      | Noticed Duvessa
  8308 | D:7      | Noticed Dowan
  8314 | D:7      | Noticed Joseph
  8322 | D:7      | Killed Duvessa
  8458 | D:7      | Killed Dowan
  8458 | D:7      | Reached ***** piety under Okawaru
  8513 | D:7      | Killed Joseph
  8660 | D:7      | Found a runed door.
  8664 | D:7      | Noticed Crazy Yiuf
  8668 | D:7      | Killed Crazy Yiuf
  8731 | D:8      | Found a hide-covered altar of Uskayaw.
  8839 | D:8      | Found a flagged portal.
  8854 | Bailey   | Entered a bailey
  9094 | Bailey   | Noticed an orc knight
  9177 | Bailey   | Noticed an orc knight
  9254 | Bailey   | Killed an orc knight
  9254 | Bailey   | Received a gift from Okawaru
 10148 | D:9      | Found a sacrificial altar of Ru.
 10721 | D:9      | Found a staircase to the Lair.
 11051 | D:9      | Found a runed door.
 11410 | D:9      | Noticed p0werm0de's ghost (novice DsCK)
 11415 | D:10     | Entered Level 10 of the Dungeon
 11463 | D:10     | Found a staircase to the Orcish Mines.
 11487 | D:10     | Noticed Nergalle
 11502 | D:10     | Killed Nergalle
 11502 | D:10     | Reached XP level 11. HP: 75/78 MP: 11/11
 14210 | D:11     | Noticed Erica
 14217 | D:11     | Killed Erica
 14793 | D:11     | Received a gift from Okawaru
 14794 | D:11     | Found the +14 obsidian axe {chop, +Fly SInv *Curse}
 15501 | D:12     | Reached skill level 10 in Fighting
 15504 | D:12     | Reached skill level 10 in Shields
 15519 | D:12     | Noticed Maurice
 15522 | D:12     | Reached skill level 10 in Dodging
 15522 | D:12     | Reached XP level 12. HP: 87/87 MP: 12/12
 15526 | D:12     | Killed Maurice
 15596 | D:12     | Reached skill level 10 in Axes
 15600 | D:12     | HP: 3/88 [yak (11)]
 16010 | D:12     | Reached ****** piety under Okawaru
 16447 | D:12     | Found Ceagekhiz's Serpentskin Sales.
 16452 | D:12     | Bought an uncursed ring of poison resistance for 300 gold
                  | pieces
 16693 | Lair:1   | Entered Level 1 of the Lair of Beasts
 16836 | Lair:1   | Received a gift from Okawaru
 17510 | Lair:2   | Received a gift from Okawaru
 17517 | Lair:2   | Got a brightly glowing buckler {god gift}
 17574 | Lair:2   | Noticed a five-headed hydra
 17576 | Lair:2   | Reached skill level 1 in Invocations
 17576 | Lair:2   | Reached skill level 1 in Evocations
 17582 | Lair:2   | Killed a seven-headed hydra
 17589 | Lair:2   | Found a frozen archway.
 17603 | IceCv    | Entered an ice cave
 18042 | IceCv    | HP: 2/90 [something (17)]
 18043 | IceCv    | Engulfed by a cloud of freezing vapour

Vault maps used:
D:1:      dpeg_arrival_solitude, serial_bayou_pond_c, minmay_crystal_water
D:2:      marbit_many_paths, lemuel_coloured_pillars_altar
D:3:      uniq_robin
D:4:      makhleb_altar_promises_db, kennysheep_mini,
          minmay_temple_entry_statues_pillars, serial_shops,
          nicolae_shop_behind_doors, uniq_blork_the_orc, uniq_edmund, uniq_pikel
D:5:      first_ration, serial_shops, shop, cheibrodos_ashenzari_chains
D:6:      serial_shops, shop, grunt_ministairs_6
D:7:      kennysheep_nub, uniq_crazy_yiuf_cottage, uniq_joseph, uniq_duvessa,
          uniq_menkaure
D:8:      old_standard_altar, lightli_bailey_entry_fortress
D:9:      nicolae_ru_path_of_blood, grunt_lair_entry_orc_guard_hut,
          serial_glass, glass_columns_b, glass_columns_b, glass_columns_a,
          glass_columns_c, ebering_ghost_reflecting_pool
D:10:     orc_0_dummy, hangedman_little_slice_of_home, chequers_big_river,
          uniq_nergalle
D:11:     uniq_erica
D:12:     guppyfry_shop_venom, uniq_maurice
Lair:1:   infiniplex_staircase_pool, serial_bayou_shore_a, grunt_megastairs_2,
          minmay_lair_oklob_chamber, lemuel_fruit_fields
Lair:2:   lemuel_slime, portal_ice_cave_entry_imps, lemuel_fruit_fields,
          grunt_megastairs_4
Bailey:   bailey_polearm_1, bailey
IceCv:    ice_cave_statue_garden_chambered

Skill      XL: |  1  2  3  4  5  6  7  8  9 10 11 12 |
---------------+-------------------------------------+-----
Axes           | 3 4 5 7 8 9 10 | 10.7
Fighting       | 4 5 6 7 8 10 11 | 11.0
Shields        | 4 5 6 7 8 10 11 | 11.0
Dodging        | 4 5 6 7 8 10 | 10.9
Invocations    | 2 |  2.5
Evocations     | 2 |  2.6

Action                   |  1- 3 |  4- 6 |  7- 9 | 10-12 || total
-------------------------+-------+-------+-------+-------++-------
Melee: War axe           |    93 |    91 |   176 |   303 ||   663
       Constrict         |    21 |    31 |    45 |    84 ||   181
       Tentacles         |    15 |    22 |    50 |   137 ||   224
       Kick              |       |     2 |    67 |   190 ||   259
       Broad axe         |       |       |       |   193 ||   193
Invok: Heroism           |       |       |       |     1 ||     1
Evoke: Wand              |       |       |       |     8 ||     8
  Use: Potion            |     1 |     7 |     2 |    10 ||    20
       Scroll            |       |       |    12 |     4 ||    16
 Stab: Sleeping          |     6 |     1 |     2 |    16 ||    25
       Distracted        |       |       |       |     4 ||     4
  Eat: Chunk             |     5 |     6 |    12 |    26 ||    49
       Ration            |       |       |       |     2 ||     2
Armor: Skin              |     9 |     4 |     5 |    30 ||    48
Dodge: Dodged            |    39 |    33 |   100 |   325 ||   497
Block: Shield            |    32 |    46 |    87 |   340 ||   505

Table legend:
 A = Non-vault XP
 B = Vault XP
 C = Vault XP percentage of total XP
 D = Non-vault monster count
 E = Vault monster count
 F = Vault count percentage of total count
                 A         B        C        D         E       F
            +---------+---------+-------+---------+---------+-------
      Total |   22280 |    9484 |  29.9 |     326 |     108 |  24.9
            +---------+---------+-------+---------+---------+-------
        D:1 |      40 |       0 |   0.0 |      18 |       0 |   0.0
        D:2 |      86 |       5 |   5.5 |      27 |       1 |   3.6
        D:3 |      41 |      35 |  46.1 |       6 |      11 |  64.7
        D:4 |     237 |     871 |  78.6 |      26 |       3 |  10.3
        D:5 |     470 |       0 |   0.0 |      19 |       0 |   0.0
        D:6 |    1973 |      49 |   2.4 |      35 |       4 |  10.3
        D:7 |     951 |     883 |  48.1 |      23 |       5 |  17.9
        D:8 |     813 |     102 |  11.1 |      21 |      12 |  36.4
        D:9 |    1089 |     521 |  32.4 |      16 |       5 |  23.8
       D:10 |    2568 |     979 |  27.6 |      22 |       9 |  29.0
       D:11 |    4016 |     939 |  19.0 |      45 |       1 |   2.2
       D:12 |    4549 |     518 |  10.2 |      37 |       2 |   5.1
     Lair:1 |    2638 |    1334 |  33.6 |      18 |       5 |  21.7
     Lair:2 |    2809 |     838 |  23.0 |      13 |      32 |  71.1
     Bailey |       0 |     746 | 100.0 |       0 |      10 | 100.0
      IceCv |       0 |    1664 | 100.0 |       0 |       8 | 100.0
            +---------+---------+-------+---------+---------+-------
